 Dungeon Crawl Stone Soup version 0.20-a0-927-g1ae2c61 (console) character file.

179 nht the Chopper (level 5, -1/38 HPs)
             Began as a Hill Orc Earth Elementalist on Mar 28, 2017.
             Was an Initiate of Wu Jian.
             Slain by a mummy (18 damage)
             ... in an ossuary.
             The game lasted 00:06:51 (1969 turns).

nht the Chopper (Hill Orc Earth Elementalist)       Turns: 1969, Time: 00:06:51

Health: -1/38      AC:  3    Str: 11    XL:     5   Next: 59%
Magic:  7/7        EV: 17    Int: 16    God:    Wu Jian [......]
Gold:   184        SH:  0    Dex: 16    Spells: 6/7 levels left

rFire    . . .     SeeInvis .   a - +0 hand axe
rCold    . . .     Gourm    .   (no shield)
rNeg     . . .     Faith    .   c - +1 robe
rPois    .         Spirit   .   (no helmet)
rElec    .         Reflect  .   (no cloak)
rCorr    .         Harm     .   (no gloves)
MR       .....                  (no boots)
Stlth    +++.......             (no amulet)
Regen    0.2/turn               (no ring)
MPRegen  0.1/turn               (no ring)

@: agile
A: no striking features
a: Renounce Religion


You were in an ossuary.
You worshipped Wu Jian.
Wu Jian was noncommittal.
You were hungry.

You visited 2 branches of the dungeon, and saw 5 of its levels.
You also visited: Ossuary.

You collected 184 gold pieces.

Inventory:

Hand Weapons
 a - a +0 hand axe (weapon)
Armour
 c - a +1 robe (worn)
Scrolls
 i - a scroll of teleportation
Potions
 b - a potion of lignification
 o - a potion of agility
 p - a potion of haste
Books
 e - a book of Geomancy

   Spells                             Type                      Level
   a - Sandblast                      Earth                        1
   b - Passwall                       Transmutation/Earth          2
   c - Stone Arrow                    Conjuration/Earth            3
   d - Petrify                        Transmutation/Earth          4
   e - Lee's Rapid Deconstruction     Earth                        5
Comestibles
 d - 4 bread rations
 l - a meat ration
 m - 2 royal jellies
 s - 2 fruits


   Skills:
 + Level 5.8 Axes
 - Level 1.5 Dodging
 - Level 1.5 Stealth
 - Level 1.5 Spellcasting
   Level 0.6 Transmutations
 - Level 4.0 Earth Magic


You had 6 spell levels left.
You knew the following spells:

 Your Spells              Type           Power        Failure   Level  Hunger
a - Sandblast             Erth           ##....       6%          1    ##.....


Dungeon Overview and Level Annotations

Branches:
Dungeon (4/15)             Temple (1/1) D:4

Altars:
Ashenzari
Cheibriados
Dithmenos
Elyvilon
Fedhas
Gozag
Hepliaklqana
Kikubaaqudgha
Makhleb
Nemelex Xobeh
Okawaru
Qazlal
Ru
Sif Muna
Trog
Uskayaw
Vehumet
Wu Jian
Xom
Yredelemnul
Zin


Message History

You hit the mummy.
The mummy is almost destroyed.
You hit the mummy.
You destroy the mummy!
The Council accepts your kill.
There is an open door here.
There is a sand-covered staircase here.
The world spins around you as you enter the gateway.
You enter an ossuary!
Found a gate leading back out of this place.
There is an empty arch of ancient stone here.
You open the door.
There is an open door here.
Something unseen opens the door.
A mummy comes into view.
Unknown command.
A mummy comes into view.
There is an open door here.
You hit the mummy but do no damage. The mummy hits you!!
You die... ███ █.█ █+█+█+█M█+█+█

.....M.@....+
██+██'██'██.█
█ █...█ +
█.∩.█ █∩..█


█████ You could see 2 mummies.

Vanquished Creatures
  2 orc wizards (D:3)
  Terence (D:3)
  A mummy (D:4)
  An adder (D:3)
  2 worms
  A dart slug (D:1)
  A leopard gecko (D:1)
  6 orcs (D:3)
  8 bats
  8 hobgoblins
  A quokka (D:3)
  A ball python (D:1)
  5 frilled lizards
  9 goblins
  A jackal skeleton (D:4)
  3 kobolds
  6 rats
57 creatures vanquished.

Vanquished Creatures (others)
  An orc wizard (D:3)
1 creature vanquished.

Grand Total: 58 creatures vanquished

Notes
Turn   | Place    | Note
-------+----------+-------------------------------------------
     0 | D:1      | nht the Hill Orc Earth Elementalist began the quest for the Orb.
     0 | D:1      | Reached XP level 1. HP: 14/14 MP: 3/3
   204 | D:1      | Reached XP level 2. HP: 5/20 MP: 2/4
   877 | D:2      | Reached XP level 3. HP: 26/26 MP: 2/5
   914 | D:2      | Reached skill level 1 in Axes
  1092 | D:2      | Reached skill level 2 in Axes
  1170 | D:3      | Reached skill level 3 in Axes
  1170 | D:3      | Reached XP level 4. HP: 33/33 MP: 0/6
  1316 | D:3      | Noticed Terence
  1327 | D:3      | Killed Terence
  1327 | D:3      | Reached skill level 4 in Axes
  1330 | D:3      | Reached XP level 5. HP: 19/38 MP: 1/7
  1487 | D:3      | Reached skill level 5 in Axes
  1570 | D:4      | Found a staircase to the Ecumenical Temple.
  1576 | Temple   | Entered the Ecumenical Temple
  1680 | Temple   | Became a worshipper of the Wu Jian Council
  1949 | D:4      | Found a sand-covered staircase.
  1962 | Ossuary  | Entered an ossuary
  1969 | Ossuary  | Slain by a mummy

Vault maps used:
D:1:      minmay_arrival_plants_in_alcoves
D:2:      first_bread, hex_tiny, minmay_misc_feat_enclosed
D:3:      uniq_terence
D:4:      minmay_temple_entry_hall, nicolae_ossuary_entry_giza,
          corexii_checkpoint_a, uniq_pikel
Temple:   kilobyte_greek_temple
Ossuary:  ossuary_zaba_flooded

Skill      XL: |  1  2  3  4  5 |
---------------+----------------+-----
Earth Magic    | 4 |  4.0
Axes           | 3 4 5 |  5.8
Dodging        | |  1.5
Stealth        | |  1.5
Spellcasting   | |  1.5
Transmutations | |  0.6

Action                   |  1- 3 |  4- 6 || total
-------------------------+-------+-------++-------
Melee: Unarmed           |     7 |       ||     7
       Hand axe          |     5 |    92 ||    97
 Cast: Sandblast         |    47 |    16 ||    63
  Use: Potion            |     2 |     7 ||     9
       Scroll            |       |     5 ||     5
 Stab: Sleeping          |       |     1 ||     1
  Eat: Chunk             |     2 |     2 ||     4
Armor: Robe              |     4 |    12 ||    16
       Skin              |       |    54 ||    54
Dodge: Dodged            |    16 |    30 ||    46
